 Dungeon Crawl Stone Soup version 0.23.2-40-g277498a (webtiles) character file.

Game seed: 5014617608869383816

51 Kerilath the Chiller (level 3, -1/14 HPs)
             Began as a Felid Ice Elementalist on Aug 24, 2019.
             Slain by a worm (8 damage)
             ... on level 2 of the Dungeon.
             The game lasted 00:21:05 (2440 turns).

Kerilath the Chiller (Felid Ice Elementalist)       Turns: 2440, Time: 00:21:06

Health: -1/14      AC:  1    Str:  5    XL:     3   Next: 57%
Magic:  3/7        EV: 18    Int: 16    God:
Gold:   77         SH:  0    Dex: 16    Spells: 0/6 levels left
                                        Lives:  0   Deaths: 0

rFire    . . .     SeeInvis +   (weapon unavailable)
rCold    . . .     Gourm    .   (shield unavailable)
rNeg     . . .     Faith    .   (armour unavailable)
rPois    .         Spirit   .   (helmet unavailable)
rElec    .         Reflect  .   (cloak unavailable)
rCorr    .         Harm     .   (gloves unavailable)
MR       .....                  (boots unavailable)
Stlth    +++.......             (no amulet)
HPRegen  0.04/turn              e - ring of see invisible
MPRegen  0.10/turn              (no ring)

@: quick
A: very small, no armour, no weapons or thrown items, stealth, claws 1, fangs 3,
see invisible, carnivore, speed 1, shaggy fur 1, slow metabolism 1, sharp paws
a: no special abilities


You were on level 2 of the Dungeon.
You were very full.

You visited 1 branch of the dungeon, and saw 2 of its levels.

You collected 77 gold pieces.

Inventory:

Jewellery
 e - a ring of see invisible (left paw)
 j - an uncursed ring of poison resistance {unknown}
Scrolls
 f - a scroll of enchant armour {unknown}
 g - 2 scrolls of teleportation {unknown}
 h - 3 scrolls of identify {unknown}
 m - a scroll of enchant weapon {unknown}
Potions
 a - 2 potions of degeneration {unknown}
 c - a potion of resistance {unknown}
 d - a potion of brilliance {unknown}
 k - a potion of invisibility {unknown}
 l - a potion of curing {unknown}
 n - a potion of heal wounds {unknown}
Comestibles
 b - 2 rations


   Skills:
 + Level 0.2 Fighting
 + Level 3.2 Dodging
 + Level 3.1 Stealth
 + Level 0.7 Unarmed Combat
 + Level 2.3 Spellcasting
 + Level 0.8 Conjurations
 + Level 3.4 Ice Magic


You couldn't memorise any spells.
You knew the following spells:

 Your Spells              Type           Power        Failure   Level  Hunger
a - Freeze                Ice            ##..         4%          1    #......
b - Throw Frost           Conj/Ice       #.....       13%         2    ###....
c - Ozocubu's Armour      Chrm/Ice       #.......     30%         3    ###....

Your spell library contained the following spells:

 Spells                   Type           Power        Failure   Level  Hunger
 Throw Icicle             Conj/Ice       #.......     63%         4    #####..
 Summon Ice Beast         Ice/Summ       #.......     69%         4    #####..


Dungeon Overview and Level Annotations

Branches:
Dungeon (2/15)

Altars:


Innate Abilities, Weirdness & Mutations

You cannot wear armour.
You are incapable of wielding weapons or throwing items.
Your paws allow you to move quietly. (Stealth)
You have sharp claws.
You have razor-sharp teeth.
You have supernaturally acute eyesight. (SInv)
You are carnivorous and can eat meat at any time.
You cover ground quickly.
You are covered in fur. (AC +1)
You have a slow metabolism.
Your sharp claws are effective at attacking unaware monsters.


Message History

Press: ? - help, Shift-Dir - straight line, f/p - worm
Aim: a worm (moderately wounded)
You freeze the worm.
The worm is moderately wounded.
You scratch the worm.
The worm is heavily wounded.
You scratch the worm.
The worm is severely wounded.
You scratch the worm but do no damage.
The worm is heavily wounded.
Casting: Freeze (safe; 4% risk of failure)
Confirm with . or Enter, or press ? or * to list all spells.
Aiming: Freeze (safe; 4% risk of failure)
Press: ? - help, Shift-Dir - straight line, f/p - worm
Aim: a worm (heavily wounded)
You freeze the worm.
The worm is severely wounded.
The worm bites you!
Ouch! That really hurt!
You die...

..# #(#...# ..#
#.....# ..#
###...# ..#
#...### ..#
#...'.# ..#
#...#.# ..#
#...#.# ..#
#...#w# ..#
#####@#
#.##############.#
#................#
##################


You could see a worm.

Vanquished Creatures
  2 adders (D:2)
  A leopard gecko (D:1)
  A giant cockroach (D:2)
  3 goblins (D:1)
  4 hobgoblins (D:1)
  3 jackals (D:1)
  A quokka (D:2)
  4 bats
  3 frilled lizards
  5 kobolds
  5 rats (D:1)
32 creatures vanquished.

Notes
Turn   | Place    | Note
-------+----------+-------------------------------------------
     0 | D:1      | Kerilath the Felid Ice Elementalist began the quest for the
                  | Orb.
     0 | D:1      | Reached XP level 1. HP: 7/7 MP: 4/4
   316 | D:1      | Reached XP level 2. HP: 5/11 MP: 4/6
  1646 | D:2      | Reached XP level 3. HP: 9/14 MP: 7/7
  1917 | D:2      | Learned a level 2 spell: Throw Frost
  1921 | D:2      | Learned a level 3 spell: Ozocubu's Armour
  2440 | D:2      | Slain by a worm

Skill      XL: |  1  2 |
---------------+-------+-----
Ice Magic      | 3 |  3.4
Dodging        | 3 |  3.2
Stealth        | 3 |  3.1
Fighting       | |  0.2
Unarmed Combat | |  0.7
Spellcasting   | |  2.3
Conjurations   | |  0.8

Action                   || total
-------------------------++-------
Melee: Unarmed           ||    89
       Bite              ||     8
 Cast: Freeze            ||    35
       Throw Frost       ||     2
 Stab: Sleeping          ||     5
  Eat: Chunk             ||    10
Armor: Skin              ||     5
Dodge: Dodged            ||    86
